AoeStats
← [POKR]Benzunum

Arena

509025524Analyzed
3v3 RM · 6d ago on Sep 25, 2026· 22m 7s· 6 players
Game mode
Random Map
Map size
Normal (6 player)
Population
200
Speed
Normal
Resources
Standard
Victory
Conquest
Starting age
Dark Age
Ending age
Imperial Age
RankedLock teamsTeams togetherTeam positionsShared explorationLock speedFull tech treeHidden civsTurbo modeCheats
Victory
Defeat
🇨🇴 Wei · Colombia
1257
+15
🇨🇴 Mongols · Colombia
1253
+15
🇨🇴 Bengalis · Colombia
1221
+16
🇨🇳 Persians · China
1278
-16
🇨🇳 Vikings · China
1239
-16
🇹🇼 Saracens · Taiwan
1185
-14
Lancer
8:31 Feudal Age
9:02 Double-Bit Axe
10:58 Horse Collar
13:56 Wheelbarrow
16:41 Castle Age
17:01 Gold Mining
17:05 Fletching
17:35 Bow Saw
17:25 Heavy Plow
17:58 Stone Mining
20:57 Town Watch
Dark
10:59 Feudal Age
14:37 Castle Age
12:25 Double-Bit Axe
12:30 Horse Collar
16:04 Bow Saw
21:06 Wheelbarrow
ROCK
9:41 Feudal Age
10:10 Feudal Age
14:09 Castle Age
12:24 Horse Collar
12:29 Double-Bit Axe
13:54 Double-Bit Axe
18:27 Loom
20:43 Stone Mining
[POKR]Benzunum
12:00 Feudal Age
15:52 Castle Age
13:57 Double-Bit Axe
14:47 Gold Mining
14:39 Horse Collar
18:18 Bow Saw
19:00 Heavy Plow
19:45 Gold Shaft Mining
21:59 Sanctity
22:31 Loom
Splattcol
1:17 Loom
9:56 Feudal Age
11:08 Double-Bit Axe
13:37 Castle Age
12:04 Horse Collar
13:17 Gold Mining
15:35 Bloodlines
15:47 Scale Barding Armor
21:45 Forging
Tizon
5:03 Loom
12:21 Feudal Age
17:06 Castle Age
15:23 Stone Mining
15:50 Double-Bit Axe
15:51 Horse Collar
19:05 Forging
19:02 Scale Barding Armor
18:53 Fletching
19:28 Bow Saw
Connection lost

Rejoining the realm…

Still unreachable

The connection could not be restored.

Session expired

The server has moved on; the page needs a fresh start.